[Event "Team 45 45 League T73"]
[Site "Internet Chess Club"]
[Date "2017.07.15"]
[Round "5"]
[White "drsigmund1"]
[Black "sdcohle"]
[Result "1-0"]
[WhiteElo "1419"]
[BlackElo "1397"]
[Opening "Queen's pawn, Mason variation"]
[ECO "D00"]
[Time "15:01:21"]
[TimeControl "2700+45"]

1. d4 d5 2. Bf4 Nf6 3. e3 e6 4. Nf3 Bd6 5. Ne5 O-O 6. Bd3 h6 7. Nd2 Nbd7 8. Ndf3
Nh5 9. Nxd7 Qxd7 10. Ne5 Nxf4 11. Nxd7 Nxd3+ 12. Qxd3 Bxd7 13. O-O a6 14. a3 Bb5
15. Qb3 Bxf1 16. Kxf1 b6 17. c4 dxc4 18. Qxc4 Rfc8 19. Qc6 a5 20. Rc1 Rd8 21. g3
Rac8 22. Ke2 Kf8 23. f4 f5 24. Kf3 Ke7 25. Re1 g6 26. e4 fxe4+ 27. Qxe4 Kf8 28.
Qxg6 Re8 29. Qxh6+ Kf7 30. Qh5+ Ke7 31. d5 Kd7 32. Rxe6 Bc5 33. f5 Rf8 34. g4
Rcd8 35. h4 Kc8 36. Qg6 Rxd5 37. Re8+ Kb7 38. Rxf8 Bxf8 39. Qg8 Bc5 40. Qxd5+ c6
41. Qd7+ Ka6 42. Qxc6 a4 43. g5 Ka5 44. g6 Be7 45. g7 Bd8 46. g8=Q b5 47. Qxd8#
{Black checkmated} 1-0

[Event "Team 45 45 League T73"]
[Site "Internet Chess Club"]
[Date "2017.07.16"]
[Round "5"]
[White "Visin"]
[Black "oldbookseller"]
[Result "1-0"]
[WhiteElo "1239"]
[BlackElo "909"]
[Opening "Giuoco Piano: four knights variation"]
[ECO "C46"]
[Time "09:31:07"]
[TimeControl "2700+45"]

1. e4 e5 2. Nf3 Nc6 3. Nc3 Bc5 4. Bc4 Nf6 5. h3 O-O 6. a3 Nxe4 7. Nxe4 Bb6 8.
Bb3 d6 9. c3 Bf5 10. Bc2 d5 11. Ng3 e4 12. Nd4 Nxd4 13. cxd4 Bxd4 14. Nxf5 Bxf2+
15. Kxf2 Qf6 16. g4 e3+ 17. dxe3 Rad8 18. Kg2 d4 19. e4 Qc6 20. Ne7+ {Black
resigns} 1-0

[Event "Team 45 45 League T73"]
[Site "Internet Chess Club"]
[Date "2017.07.16"]
[Round "5"]
[White "viktory"]
[Black "kllrchris"]
[Result "1-0"]
[WhiteElo "1676"]
[BlackElo "1682"]
[Opening "Benkö gambit accepted"]
[ECO "A58"]
[Time "14:20:59"]
[TimeControl "2700+45"]

1. d4 Nf6 2. c4 c5 3. d5 b5 4. cxb5 a6 5. bxa6 g6 6. Nc3 Bxa6 7. g3 Bg7 8. Bg2
d6 9. Rb1 Nbd7 10. Nf3 Nb6 11. O-O Nfd7 12. Re1 O-O 13. Bd2 Nc4 14. b3 Nxd2 15.
Qxd2 Qa5 16. Rec1 Bb7 17. e4 Ne5 18. Nxe5 Bxe5 19. a4 Rfb8 20. Qc2 Ba6 21. Bf1
Bxc3 22. Qxc3 Qxc3 23. Rxc3 Bxf1 24. Rxf1 Rb4 25. f3 Rab8 26. Ra1 Rxb3 27. Rxb3
Rxb3 28. a5 Rb7 29. Kf2 Kf8 30. Ke3 Ke8 31. Kd3 Kd7 32. a6 Ra7 33. Kc4 Kc7 34.
Kb5 Ra8 35. Ka5 Ra7 36. Rb1 h5 37. Rb6 e6 38. Rc6+ Kd7 39. Kb6 exd5 40. Kxa7
Kxc6 41. Kb8 d4 42. a7 d3 43. a8=Q+ Kb5 44. Qd5 {Black resigns} 1-0

[Event "Team 45 45 League T73"]
[Site "Internet Chess Club"]
[Date "2017.07.17"]
[Round "5"]
[White "WillC"]
[Black "EFXBT"]
[Result "0-1"]
[WhiteElo "1640"]
[BlackElo "1502"]
[Opening "Queen's pawn game, Darooha variation "]
[ECO "D02"]
[Time "17:32:46"]
[TimeControl "2700+45"]

1. d4 d5 2. Nf3 Nf6 3. b3 Bf5 4. Bb2 Nbd7 5. e3 e6 6. Be2 Bb4+ 7. c3 Bd6 8. O-O
c5 9. Nbd2 O-O 10. c4 Rc8 11. Rc1 cxd4 12. exd4 Qa5 13. a3 Bf4 14. b4 Qd8 15. g3
Bh6 16. Re1 dxc4 17. Rxc4 Rxc4 18. Nxc4 Qc7 19. Ne3 Bxe3 20. fxe3 Rc8 21. Bd3
Bxd3 22. Qxd3 Qc2 23. Qe2 Nb6 24. Ne5 h6 25. Kf1 Qe4 26. Qf3 Qxf3+ 27. Nxf3 Nc4
28. Bc1 Ne4 29. Ke2 f5 30. Kd3 Nxa3 31. Bxa3 Rc3+ 32. Ke2 Rxa3 33. Ne5 Ra2+ 34.
Kd3 b5 35. Nf3 Rf2 36. Ra1 Rxf3 37. Ra5 Rf2 38. Rxb5 Rxh2 39. Rb8+ Kh7 40. Rb7
Rd2+ 41. Kc4 Nd6+ {White resigns} 0-1

[Event "Team 45 45 League T73"]
[Site "Internet Chess Club"]
[Date "2017.07.17"]
[Round "5"]
[White "Srijan13"]
[Black "Scorpius"]
[Result "0-1"]
[WhiteElo "1482"]
[BlackElo "1361"]
[Opening "King's Indian: 4.e4"]
[ECO "E81"]
[Time "16:35:16"]
[TimeControl "2700+45"]

1. d4 Nf6 2. c4 g6 3. Nc3 Bg7 4. e4 d6 5. Be3 O-O 6. f3 Nbd7 7. Qd2 a5 8. Bd3 c5
9. d5 Ne5 10. Be2 e6 11. O-O-O exd5 12. cxd5 b6 13. Bh6 Bxh6 14. Qxh6 Ba6 15. h4
Rb8 16. Bxa6 b5 17. Bxb5 Qb6 18. g4 a4 19. h5 Qa5 20. hxg6 fxg6 21. g5 Nh5 22.
Rxh5 gxh5 23. Qxd6 Ng6 24. Bxa4 Rb4 25. Bb3 c4 26. Rd4 Rb6 27. Qh2 cxb3 28. Ra4
Qxa4 29. Nxa4 bxa2 30. Nxb6 a1=Q+ 31. Kc2 Qa5 32. Nd7 Qa4+ 33. b3 Qxd7 34. Qxh5
Rc8+ 35. Kb2 Qa7 36. Ne2 Qf2 37. f4 Nxf4 38. Qg4 Nd3+ 39. Kb1 Qe1+ {White
resigns} 0-1

[Event "Team 45 45 League T73"]
[Site "Internet Chess Club"]
[Date "2017.07.17"]
[Round "5"]
[White "UrsaMajor"]
[Black "MasterD"]
[Result "1/2-1/2"]
[WhiteElo "1504"]
[BlackElo "1507"]
[Opening "Sicilian: Alapin's variation (2.c3)"]
[ECO "B22"]
[Time "21:03:30"]
[TimeControl "2700+45"]

1. e4 c5 2. c3 Nc6 3. d4 cxd4 4. cxd4 g6 5. Nf3 Bg7 6. Bc4 Nf6 7. Nc3 Nxe4 8.
Bxf7+ Kxf7 9. Nxe4 Rf8 10. Qb3+ d5 11. O-O Kg8 12. Nc3 e6 13. Bg5 Qc7 14. Rac1
Qf7 15. Be3 Qf5 16. Ne2 Qg4 17. h3 Qf5 18. Ng3 Qf7 19. Ng5 Qf6 20. Nf3 Qf7 21.
Ng5 Qf6 22. Nf3 Qf7 23. Ng5 Qf6 24. Nf3 {Game drawn by repetition} 1/2-1/2

[Event "Team 45 45 League T73"]
[Site "Internet Chess Club"]
[Date "2017.07.16"]
[Round "5"]
[White "Portola"]
[Black "cayo89"]
[Result "1/2-1/2"]
[WhiteElo "1726"]
[BlackElo "1680"]
[Opening "Queen's pawn game, Darooha variation "]
[ECO "D02"]
[Time "12:04:03"]
[TimeControl "2700+45"]

1. d4 Nf6 2. Nf3 d5 3. c3 Bf5 4. Bg5 Nbd7 5. Nbd2 e6 6. e3 Be7 7. Be2 h6 8. Bf4
c5 9. h3 O-O 10. O-O c4 11. a4 a6 12. Ne5 Qc8 13. g4 Bh7 14. g5 hxg5 15. Bxg5
Bd6 16. f4 Ne4 17. Nxe4 Bxe4 18. Bg4 Bxe5 19. fxe5 Qe8 20. Qe1 f6 21. exf6 Nxf6
22. Qg3 Nxg4 23. Rxf8+ Qxf8 24. Rf1 Qe8 25. Qxg4 Bf5 26. Qg3 Qxa4 27. h4 Qe8 28.
Rf2 Qh5 29. Rf4 Rf8 30. Qe1 Qg6 31. Qf2 Qf7 32. Qe2 Qg6 33. Qf2 Qh5 34. Qe1 Bd3
35. Rxf8+ Kxf8 36. Qf2+ Kg8 37. Kh2 Be4 38. Be7 Qg4 39. Qf8+ Kh7 40. Qf2 Bf5 41.
Qg2 Qh5 42. Qf2 Qf7 43. Bg5 Qd7 44. Qf3 Qa4 45. Qh5+ Kg8 46. Kg3 Qd7 47. Bf4 b5
48. Qg5 a5 49. h5 b4 50. h6 bxc3 51. bxc3 a4 52. Be5 a3 53. Bxg7 Kh7 54. Bf8 a2
55. Be7 Bg6 56. Qf6 Kxh6 57. Qh8+ Bh7 58. Qf6+ Bg6 59. Qh8+ Bh7 60. Qf6+ Bg6
{Game drawn by repetition} 1/2-1/2

[Event "Team 45 45 League T73"]
[Site "Internet Chess Club"]
[Date "2017.07.16"]
[Round "5"]
[White "krysto"]
[Black "rubo"]
[Result "1/2-1/2"]
[WhiteElo "1599"]
[BlackElo "1549"]
[Opening "Benkö gambit half accepted"]
[ECO "A57"]
[Time "21:10:15"]
[TimeControl "2700+45"]

1. d4 Nf6 2. c4 c5 3. d5 b5 4. cxb5 a6 5. b6 d6 6. Nc3 Qxb6 7. e4 g6 8. Nf3 Bg4
9. Be2 Bxf3 10. Bxf3 Bg7 11. O-O Nbd7 12. Be2 O-O 13. Qc2 Rfb8 14. Na4 Qc7 15.
f4 Nb6 16. Nc3 Nfd7 17. Rb1 Bd4+ 18. Kh1 c4 19. Bf3 Nc5 20. Ne2 Bg7 21. Be3 Nd3
22. b3 Nb4 23. Bxb6 Qxb6 24. Qd2 Nd3 25. h3 Nf2+ 26. Kh2 cxb3 27. Rxb3 Qa7 28.
Nc1 Bd4 29. Kg3 Rc8 30. Ne2 Bc5 31. Nc3 Be3 32. Qe2 Qd4 33. Nd1 Bxf4+ 34. Kxf4
g5+ 35. Kg3 Nxd1 36. Rxd1 Qe5+ 37. Kf2 Rc5 38. Rdb1 Qd4+ 39. Qe3 Rc2+ 40. Be2
Qe5 41. a3 Rac8 42. Kg1 R8c3 43. Rxc3 Rxc3 44. Qb6 Qxe4 45. Bf3 Qd3 46. Qd8+ Kg7
47. Rb8 Qe3+ 48. Kh2 Qf4+ 49. g3 Qd2+ 50. Bg2 Rc2 51. Qg8+ Kh6 {Game drawn by
mutual agreement} 1/2-1/2

[Event "Team 45 45 League T73"]
[Site "Internet Chess Club"]
[Date "2017.07.16"]
[Round "5"]
[White "nosir"]
[Black "scostanzo212"]
[Result "1-0"]
[WhiteElo "1478"]
[BlackElo "1539"]
[Opening "Queen's pawn, Mason variation"]
[ECO "D00"]
[Time "08:34:10"]
[TimeControl "2700+45"]

1. d4 d5 2. Bf4 Nf6 3. c3 c5 4. Nf3 Nc6 5. e3 Qb6 6. Qb3 c4 7. Qxb6 axb6 8. Nbd2
h6 9. h3 Bf5 10. Be2 e6 11. O-O b5 12. Rfe1 b4 13. Ne5 bxc3 14. bxc3 Na5 15. e4
Nxe4 16. Nxe4 Bxe4 17. Bf3 Bh7 18. Bxd5 Rc8 19. Nxf7 Rg8 20. Bxe6 {Black
resigns} 1-0

[Event "Team 45 45 League T73"]
[Site "Internet Chess Club"]
[Date "2017.07.18"]
[Round "5"]
[White "Pawnchain"]
[Black "g8wrb"]
[Result "1/2-1/2"]
[WhiteElo "1399"]
[BlackElo "1211"]
[Opening "Alekhine's defense: modern, fianchetto variation"]
[ECO "B04"]
[Time "13:09:35"]
[TimeControl "2700+45"]

1. e4 Nf6 2. e5 Nd5 3. d4 d6 4. Nf3 g6 5. Bc4 c6 6. c3 Bg7 7. O-O O-O 8. Nbd2
Nb6 9. Be2 Be6 10. Ne4 dxe5 11. Nxe5 N8d7 12. Nf3 Nf6 13. Nc5 Qc8 14. Nxe6 Qxe6
15. Bg5 Rad8 16. Qc2 Ne4 17. Bh4 Rd5 18. Rae1 f5 19. Ng5 Qf6 20. Nxe4 Qxh4 21.
Nc5 Rb8 22. Bf3 Rd6 23. Qb3+ Kh8 24. Qf7 Bf6 25. g3 Qh6 26. Qb3 Qg7 27. Nd3 Qg8
28. Qxg8+ {Game drawn by mutual agreement} 1/2-1/2

[Event "Team 45 45 League T73"]
[Site "Internet Chess Club"]
[Date "2017.07.14"]
[Round "5"]
[White "Packerfan"]
[Black "cityprosecutor"]
[Result "0-1"]
[WhiteElo "1716"]
[BlackElo "1714"]
[Opening "Pirc: classical (two knights) system"]
[ECO "B08"]
[Time "14:31:22"]
[TimeControl "2700+45"]

1. e4 d6 2. d4 Nf6 3. Nc3 g6 4. Nf3 Bg7 5. Bb5+ c6 6. Be2 b5 7. a3 a5 8. O-O O-O
9. Re1 Ba6 10. Bg5 h6 11. Bf4 Nh5 12. Be3 Nf6 13. Nd2 Nbd7 14. f4 Nb6 15. Bf3
Rc8 16. Bf2 e6 17. Rb1 d5 18. e5 Nfd7 19. Nb3 Nc4 20. Be2 Ndb6 21. Nc5 Ra8 22.
Qc1 a4 23. Na2 Bc8 24. Nb4 Qc7 25. Bh4 Nd7 26. Nxd7 Bxd7 27. Bd3 c5 28. dxc5
Qxc5+ 29. Bf2 Qc7 30. Qd1 f5 31. Qe2 Rfc8 32. c3 Rcb8 33. Bc2 Rc8 34. Nd3 Bf8
35. Kh1 Nxa3 36. bxa3 Qxc3 37. Rec1 Bxa3 38. Be1 Qc7 39. Nb2 Qb7 40. Bd3 Be7 41.
Rxc8+ Qxc8 42. Bxb5 Bxb5 43. Qxb5 a3 44. Nd3 a2 45. Ra1 Rb8 46. Qa4 Ra8 47. Qb3
Qa6 48. h3 Qa7 49. Bd2 Qd4 50. Qc3 Qe4 51. Nf2 Qe2 52. Qe3 Qb5 53. Qe1 Qb2 54.
Nd3 Qd4 55. Nf2 Bc5 56. Kg1 Qb2 57. Bc3 Bxf2+ 58. Qxf2 Qxc3 59. Rxa2 Qc1+ 60.
Kh2 Rxa2 61. Qxa2 Qxf4+ 62. g3 Qxe5 63. Qa8+ Kh7 64. Qb7+ Qg7 65. Qc8 e5 66. Qe6
d4 67. Kg2 e4 68. h4 d3 69. Qd5 Qc7 70. h5 Qg7 71. hxg6+ Qxg6 72. Qd7+ Kg8 73.
Qd8+ Kg7 74. Qd5 Qf7 75. Qd4+ Kg6 76. Qd6+ Qf6 77. Qd7 Kg5 78. Kh3 Qf8 79. Qd5
Qe8 80. Qd4 Qh5+ 81. Kg2 Qf3+ 82. Kh3 Qh1# {White checkmated} 0-1

[Event "Team 45 45 League T73"]
[Site "Internet Chess Club"]
[Date "2017.07.14"]
[Round "5"]
[White "elessar"]
[Black "harlyman"]
[Result "0-1"]
[WhiteElo "1597"]
[BlackElo "1610"]
[Opening "Petrov: Nimzovich attack"]
[ECO "C42"]
[Time "14:34:14"]
[TimeControl "2700+45"]

1. e4 e5 2. Nf3 Nf6 3. Nxe5 d6 4. Nf3 Nxe4 5. Nc3 Nxc3 6. dxc3 Nd7 7. Be3 Nf6 8.
h3 Be6 9. Bd3 Be7 10. Qd2 Nd5 11. Bd4 O-O 12. g4 c5 13. Be3 Nxe3 14. Qxe3 Re8
15. O-O-O Bxa2 16. b3 Bf6 17. Kb2 Rxe3 18. fxe3 Qa5 {White resigns} 0-1

[Event "Team 45 45 League T73"]
[Site "Internet Chess Club"]
[Date "2017.07.16"]
[Round "5"]
[White "clarinetref"]
[Black "Constrictor"]
[Result "1-0"]
[WhiteElo "1537"]
[BlackElo "1497"]
[Opening "English: Anglo-Dutch defense"]
[ECO "A10"]
[Time "21:00:57"]
[TimeControl "2700+45"]

1. c4 f5 2. g3 Nf6 3. Bg2 e5 4. Nc3 Be7 5. d3 Nc6 6. a3 O-O 7. Nf3 d6 8. O-O a6
9. e3 Qe8 10. b4 Nh5 11. Qb3 f4 12. b5 Nb8 13. Nd5 Qd8 14. Bd2 fxg3 15. fxg3 Nd7
16. Bb4 axb5 17. cxb5 Kh8 18. Rac1 c5 19. bxc6 bxc6 20. Rxc6 Bb7 21. Nxe7 Bxc6
22. Nxc6 Qb6 23. d4 Qxc6 24. Ng5 Qa4 25. Nf7+ Kg8 26. Nh6+ Kh8 27. Qg8+ {Black
resigns} 1-0

[Event "Team 45 45 League T73"]
[Site "Internet Chess Club"]
[Date "2017.07.16"]
[Round "5"]
[White "Gilguli"]
[Black "kutch"]
[Result "0-1"]
[WhiteElo "1384"]
[BlackElo "1521"]
[Opening "Vienna gambit"]
[ECO "C29"]
[Time "14:31:22"]
[TimeControl "2700+45"]

1. e4 e5 2. Nc3 Nf6 3. f4 d5 4. exd5 e4 5. Bb5+ c6 6. dxc6 bxc6 7. Ba4 Qa5 8.
Qe2 Ba6 9. Qe3 Bc5 10. d4 Bb4 11. Bd2 Bxc3 12. Bxc6+ Nxc6 13. Bxc3 Qb5 14. O-O-O
O-O 15. d5 Nxd5 16. Qxe4 Nxc3 17. bxc3 Rab8 18. Ne2 Rfe8 {White resigns} 0-1

[Event "Team 45 45 League T73"]
[Site "Internet Chess Club"]
[Date "2017.07.15"]
[Round "5"]
[White "LookImYourVader"]
[Black "calsal"]
[Result "1-0"]
[WhiteElo "1749"]
[BlackElo "1708"]
[Opening "Scotch gambit: Dubois-Réti defense"]
[ECO "C55"]
[Time "15:01:12"]
[TimeControl "2700+45"]

1. e4 e5 2. Nf3 Nc6 3. d4 exd4 4. Bc4 Nf6 5. e5 d5 6. Bb5 Ne4 7. Nxd4 Bd7 8.
Bxc6 bxc6 9. O-O Bc5 10. f3 Ng5 11. Be3 O-O 12. f4 Ne4 13. Nd2 Nxd2 14. Qxd2 Rb8
15. Nb3 Bb6 16. Qc3 Bxe3+ 17. Qxe3 Bf5 18. Rf2 Ra8 19. Qc5 Bd7 20. Nd4 Qe8 21.
Re1 Qb8 22. c3 Qb6 23. Qe7 Rad8 24. e6 fxe6 25. Rxe6 Rfe8 26. Qxd7 Rxd7 27.
Rxe8+ Kf7 28. Rfe2 Qa6 29. b4 Qc4 30. R8e3 c5 31. Nf3 Qxf4 32. Ne5+ Ke6 33. Nd3+
Qxe3+ 34. Rxe3+ Kf6 35. Nxc5 {Black resigns} 1-0

[Event "Team 45 45 League T73"]
[Site "Internet Chess Club"]
[Date "2017.07.15"]
[Round "5"]
[White "Yedixon"]
[Black "Duguesclin"]
[Result "1-0"]
[WhiteElo "1729"]
[BlackElo "1548"]
[Opening "French: Winawer (Nimzovich) variation"]
[ECO "C15"]
[Time "13:08:43"]
[TimeControl "2700+45"]

1. e4 e6 2. d4 d5 3. Nc3 Bb4 4. exd5 exd5 5. Bb5+ c6 6. Bd3 Nf6 7. Ne2 O-O 8.
O-O Bg4 9. f3 Bh5 10. Bg5 Nbd7 11. Nf4 Qb6 12. Nce2 Bg6 13. Nxg6 hxg6 14. Kh1
Nh7 15. Bh4 f5 16. c3 Bd6 17. Qc2 Rae8 18. Rae1 Qc7 19. g4 Bxh2 20. f4 Bxf4 21.
Nxf4 g5 22. Bxf5 gxf4 23. Bxh7+ Kh8 24. Rxe8 Rxe8 25. Qg6 Re3 26. Qh5 Rh3+ 27.
Kg2 Nf6 28. Qe5 Qxe5 29. dxe5 Rxh4 30. exf6 g6 31. f7 Kg7 32. Bg8 g5 33. Kf3
Rh3+ 34. Kg2 Rg3+ 35. Kf2 Rxg4 36. Re1 f3 37. Re8 Rf4 38. Rb8 b6 39. Rb7 g4 40.
Bh7 Rf6 41. Rxa7 c5 42. Bd3 c4 43. Bf1 b5 44. Kg3 Rh6 45. Kxg4 Rh1 46. Kxf3
Rxf1+ 47. Ke3 Rd1 48. Rb7 Rd3+ 49. Kf4 d4 50. cxd4 Rxd4+ 51. Ke5 Rd2 52. Rxb5
Kxf7 53. a4 Rd1 54. a5 Ra1 55. Kd4 Ra4 56. Kc5 Ke7 57. Kb6 Kd7 58. Kb7 c3 59.
bxc3 Rc4 60. Rd5+ Ke6 61. Rd3 Ra4 62. a6 Ra3 63. a7 Rb3+ 64. Kc8 Ra3 65. Kb8
Rb3+ 66. Ka8 Ke7 67. Rd4 Rxc3 68. Kb7 Rb3+ 69. Ka6 Ra3+ 70. Kb6 Ke8 71. Rb4 Kd7
72. Kb7 {Black resigns} 1-0

[Event "Team 45 45 League T73"]
[Site "Internet Chess Club"]
[Date "2017.07.19"]
[Round "5"]
[White "filmdirector"]
[Black "KidRattler"]
[Result "1-0"]
[WhiteElo "1683"]
[BlackElo "1637"]
[Opening "Ruy Lopez: Schliemann defense, Berger variation"]
[ECO "C63"]
[Time "19:52:39"]
[TimeControl "2700+45"]

1. e4 e5 2. Nf3 Nc6 3. Bb5 f5 4. Nc3 d6 5. d4 fxe4 6. Nxe4 Bd7 7. dxe5 Nxe5 8.
Nxe5 dxe5 9. Qh5+ Ke7 10. Qxe5+ Kf7 11. Bc4+ Kg6 12. Qg3+ Kf5 13. Qf4+ Kg6 14.
Bf7# {Black checkmated} 1-0

[Event "Team 45 45 League T73"]
[Site "Internet Chess Club"]
[Date "2017.07.17"]
[Round "5"]
[White "mongmong"]
[Black "vic20gt"]
[Result "1/2-1/2"]
[WhiteElo "1468"]
[BlackElo "1298"]
[Opening "Queen's pawn"]
[ECO "A40"]
[Time "18:01:20"]
[TimeControl "2700+45"]

1. d4 e6 2. Nf3 d5 3. e3 c5 4. Nbd2 Nf6 5. c3 Be7 6. Bd3 c4 7. Bc2 b5 8. e4 dxe4
9. Nxe4 Bb7 10. Nxf6+ Bxf6 11. O-O Qc7 12. Re1 O-O 13. Qe2 Nd7 14. Ng5 h6 15.
Nh7 Qc6 16. Nxf6+ Nxf6 17. f3 Rfd8 18. Bf4 Nd5 19. Bg3 Re8 20. Be4 f5 21. Bc2
Kf7 22. Be5 g6 23. Qd2 g5 24. Re2 Re7 25. Rae1 Rd8 26. Qc1 Nf6 27. Bxf6 Kxf6 28.
Re5 Rd5 29. Qe3 f4 30. Qe4 Qe8 31. Qe2 Qc6 32. Be4 Qd7 33. Bxd5 Bxd5 34. a3 a5
35. Kf2 a4 36. g3 Qe8 37. Qd2 fxg3+ 38. hxg3 Qh5 39. Rxd5 Qh2+ 40. Kf1 Qxd2 41.
Rde5 Qd3+ 42. Kg2 Qg6 43. d5 Kf7 44. dxe6+ Kf6 45. Rxb5 Qc2+ 46. Kf1 Qd3+ 47.
Kf2 Rxe6 48. Rxe6+ Kxe6 49. Rb6+ Kf5 50. g4+ Ke5 51. Rb5+ Kd6 52. Rb8 Qd2+ 53.
Kg3 Qf4+ 54. Kg2 Kd7 55. Rb4 Qd2+ 56. Kg3 Qe1+ 57. Kg2 Qe2+ 58. Kg3 Qe1+ 59. Kg2
Qd1 60. Kg3 Qg1+ 61. Kh3 Qd1 62. Kg2 Ke6 63. Kf2 Qd2+ 64. Kg3 Qe1+ 65. Kg2 Ke5
66. Rxa4 Qd2+ 67. Kg3 Qxb2 68. Rxc4 Qxa3 69. Re4+ Kd6 70. c4 Kc5 71. Re6 Kxc4
72. Rxh6 Kd5 73. Rf6 Kd4 74. Re6 Qb3 75. Re4+ Kd5 76. Kf2 Qc2+ 77. Re2 Qc5+ 78.
Kg2 Kd4 79. Re4+ Kd3 80. Re8 Qc2+ 81. Kg3 Qc7+ 82. Kg2 Qc2+ 83. Kg3 Qc1 84. Kg2
Qd2+ 85. Kg3 Qf4+ 86. Kg2 Qf7 87. Re4 Qh7 88. Re8 Kd4 89. Re6 Qc2+ 90. Kg3 Qc7+
91. Kg2 Qc8 92. Re4+ Kd3 93. Kg3 Qc6 94. Re1 Kc2 95. Re4 Qc5 96. Kg2 Kd1 97. Re8
Qd6 98. Re4 Kd2 99. Re8 Kd3 100. Re4 Qb8 101. Re6 Qb2+ 102. Kg3 Qc1 103. Kg2
Qc2+ 104. Kg3 Qc7+ {Game drawn by mutual agreement} 1/2-1/2

[Event "Team 45 45 League T73"]
[Site "Internet Chess Club"]
[Date "2017.07.17"]
[Round "5"]
[White "liujf"]
[Black "MartyJR"]
[Result "0-1"]
[WhiteElo "1574"]
[BlackElo "1458"]
[Opening "Sicilian: dragon, classical, Alekhine variation"]
[ECO "B74"]
[Time "20:00:51"]
[TimeControl "2700+45"]

1. e4 c5 2. Nf3 Nc6 3. d4 cxd4 4. Nxd4 g6 5. Be2 Bg7 6. Nb3 Nf6 7. Nc3 O-O 8.
O-O d6 9. Be3 a5 10. a4 Nb4 11. Qd2 Ng4 12. Bd4 Nf6 13. h3 Be6 14. Rac1 Rc8 15.
Qe3 Nd7 16. Rfd1 Bxd4 17. Qxd4 Nc6 18. Qe3 Nde5 19. Nd4 Nxd4 20. Rxd4 Nc6 21.
Rd2 Ne5 22. Nb5 Nc4 23. Bxc4 Bxc4 24. e5 d5 25. Rcd1 Bxb5 26. axb5 e6 27. Ra1 b6
28. c3 Qc7 29. Ra4 Qc5 30. Qg5 Qxb5 31. Rg4 Rc4 32. Rg3 Qa4 33. h4 Rxh4 34. b3
Qa1+ 35. Rd1 Qxd1# {White checkmated} 0-1

[Event "Team 45 45 League T73"]
[Site "Internet Chess Club"]
[Date "2017.07.13"]
[Round "5"]
[White "Janna"]
[Black "crazyhorses"]
[Result "0-1"]
[WhiteElo "1267"]
[BlackElo "1381"]
[Opening "Sicilian: Canal-Sokolsky attack, 3...Bd7"]
[ECO "B52"]
[Time "15:07:03"]
[TimeControl "2700+45"]

1. e4 c5 2. Nf3 d6 3. Bb5+ Bd7 4. Nc3 Nf6 5. e5 dxe5 6. Nxe5 Bxb5 7. Nxb5 e6 8.
Nc3 Bd6 9. Nf3 Nc6 10. d4 h6 11. O-O O-O 12. Be3 Qe7 13. Nb5 Nd5 14. Nxd6 Nxe3
15. fxe3 Qxd6 16. dxc5 Qxc5 17. Nd4 Rfd8 18. c3 e5 19. Nb3 Qxe3+ 20. Kh1 Rxd1
21. Raxd1 Rd8 22. Rde1 Qg5 {White resigns} 0-1

[Event "Team 45 45 League T73"]
[Site "Internet Chess Club"]
[Date "2017.07.15"]
[Round "5"]
[White "rkjulianjr"]
[Black "guyd52"]
[Result "0-1"]
[WhiteElo "1298"]
[BlackElo "1363"]
[Opening "QGD Slav defense: exchange variation"]
[ECO "D10"]
[Time "08:04:57"]
[TimeControl "2700+45"]

1. d4 d5 2. c4 c6 3. cxd5 cxd5 4. Bf4 Nc6 5. e3 g6 6. Nc3 Bg7 7. Nf3 Nf6 8. h3
O-O 9. Bd3 a6 10. O-O b5 11. a3 Re8 12. b4 Nh5 13. Bh2 e5 14. Nxe5 Bxe5 15. Bxe5
Nxe5 16. dxe5 Rxe5 17. Re1 Rg5 18. Kf1 Bb7 19. h4 Re5 20. Qg4 Qf6 21. f4 Rae8
22. Qf3 R5e7 23. Nxd5 Bxd5 24. Qxd5 Rxe3 25. g3 Nxg3+ 26. Kf2 Qxf4+ 27. Kg2 Rxe1
28. Rxe1 Rxe1 29. Qd8+ Kg7 30. Qc8 Nf5 31. Qc3+ Qe5 32. Qxe5+ Rxe5 33. Bxf5 Rxf5
34. Kg3 h5 35. Kh3 Rf4 36. Kg3 Rg4+ 37. Kh3 f5 {White resigns} 0-1

[Event "Team 45 45 League T73"]
[Site "Internet Chess Club"]
[Date "2017.07.13"]
[Round "5"]
[White "idjit"]
[Black "wirerabbit"]
[Result "0-1"]
[WhiteElo "1631"]
[BlackElo "1444"]
[Opening "Scandinavian defense"]
[ECO "B01"]
[Time "11:02:40"]
[TimeControl "2700+45"]

1. e4 d5 2. exd5 Nf6 3. d4 Bg4 4. Be2 Bxe2 5. Qxe2 Qxd5 6. Nf3 Nc6 7. c4 Qe4 8.
Nc3 Qxe2+ 9. Kxe2 e6 10. Bg5 Be7 11. Rad1 O-O-O 12. Rd2 h6 13. Be3 Rhe8 14. h3
Ng8 15. Rhd1 Nf6 16. Ne5 Nxe5 17. dxe5 Rxd2+ 18. Rxd2 Nd7 19. f4 a6 20. g4 f6
21. exf6 Bxf6 22. Kf3 g5 23. fxg5 hxg5 24. Ne4 Be7 25. Nxg5 Ne5+ {White resigns}
0-1

[Event "Team 45 45 League T73"]
[Site "Internet Chess Club"]
[Date "2017.07.17"]
[Round "5"]
[White "JohLeb"]
[Black "Demachaeron"]
[Result "1-0"]
[WhiteElo "1519"]
[BlackElo "1577"]
[Opening "QGD semi-Slav"]
[ECO "D43"]
[Time "21:00:21"]
[TimeControl "2700+45"]

1. d4 d5 2. c4 c6 3. Nc3 Nf6 4. Nf3 e6 5. Bg5 Be7 6. e3 Nbd7 7. Bd3 dxc4 8. Bxc4
b5 9. Bd3 a6 10. O-O Bb7 11. Rc1 Rc8 12. Ne4 Nxe4 13. Bxe7 Nxf2 14. Bxd8 Nxd1
15. Rcxd1 Rxd8 16. Ng5 Nf6 17. Rd2 h6 18. Ne4 Nd5 19. Nc5 Bc8 20. Rf3 O-O 21.
Be4 Ne7 22. Rdf2 e5 23. dxe5 Rd1+ 24. Rf1 Rxf1+ 25. Rxf1 Rd8 26. Rf2 a5 27. Rc2
Nf5 28. Kf2 Ne7 29. Nb3 a4 30. Na5 Bf5 31. Bxf5 Nxf5 32. Ke2 Ra8 33. Nxc6 Rc8
34. g4 Rxc6 35. Rxc6 Ne7 36. Rb6 g6 37. Rxb5 Nc6 38. Rc5 Nb4 39. a3 Na6 40. Ra5
Nb8 {Black resigns} 1-0

[Event "Team 45 45 League T73"]
[Site "Internet Chess Club"]
[Date "2017.07.14"]
[Round "5"]
[White "g8wrb"]
[Black "GideonL"]
[Result "1/2-1/2"]
[WhiteElo "1227"]
[BlackElo "1364"]
[Opening "QGD: 3...Nf6"]
[ECO "D35"]
[Time "08:31:07"]
[TimeControl "2700+45"]

1. d4 d5 2. c4 e6 3. Nc3 Nf6 4. e3 Be7 5. Nf3 O-O 6. Qb3 c6 7. Bd2 Nbd7 8. Bd3
h6 9. O-O dxc4 10. Bxc4 Nb6 11. Bd3 Bd7 12. Rac1 Nbd5 13. Rfe1 Nxc3 14. Rxc3 Qb6
15. a3 Rad8 16. Qxb6 axb6 17. Rb3 b5 18. Ne5 Bd6 19. Ba5 Ra8 20. Nxd7 Nxd7 21.
Bb4 Bxb4 22. Rxb4 Nb6 23. Rc1 Nd5 24. Rb3 f6 25. Bg6 Rfd8 26. Kf1 Ra7 27. Rc5
Nb6 28. g3 Na4 29. Rc1 Rd5 30. Be4 Rd8 31. Bg6 Rd5 32. Be4 Rd8 33. Bg6 {Game
drawn by repetition} 1/2-1/2

[Event "Team 45 45 League T73"]
[Site "Internet Chess Club"]
[Date "2017.07.13"]
[Round "5"]
[White "limeinthecoke"]
[Black "SeniorCitizen"]
[Result "1-0"]
[WhiteElo "1339"]
[BlackElo "1236"]
[Opening "English: four knights, 4.e3"]
[ECO "A28"]
[Time "12:01:09"]
[TimeControl "2700+45"]

1. c4 e5 2. Nc3 Nf6 3. Nf3 Nc6 4. e3 Be7 5. Be2 O-O 6. d4 exd4 7. Nxd4 Nxd4 8.
Qxd4 c5 9. Qd2 d6 10. O-O Rb8 11. b3 Bf5 12. f3 a6 13. a4 Qd7 14. Bb2 Rfe8 15.
e4 Bg6 16. Bd3 Qc7 17. Ne2 Nd7 18. f4 h6 19. f5 Bh7 20. Nf4 Bf6 21. Nd5 Qd8 22.
Nxf6+ Nxf6 23. Rf3 Nxe4 24. Bxe4 Rxe4 25. Rg3 f6 26. Qd5+ {Black resigns} 1-0